 Dungeon Crawl Stone Soup version 0.25.0-33-gff14898491 (webtiles) character file.

Game seed: 8705677778659266853

151 Peloso the Covered (level 5, 15/41 HPs)
             Began as a Demonspawn Fighter on July 6, 2020.
             Got out of the dungeon alive.
             The game lasted 00:02:37 (1680 turns).

Peloso the Covered (Demonspawn Fighter)             Turns: 1680, Time: 00:02:37

Health: 15/41      AC:  8    Str: 17    XL:     5   Next: 11%
Magic:  5/5        EV: 11    Int:  9    God:
Gold:   98         SH:  9    Dex: 13    Spells: 4/4 levels left

rFire    . . .     SeeInvis .   a - +0 long sword
rCold    . . .     Gourm    .   c - +0 kite shield
rNeg     . . .     Faith    .   b - +0 scale mail
rPois    .         Spirit   .   (helmet restricted)
rElec    .         Reflect  .   (no cloak)
rCorr    .         Harm     .   (no gloves)
MR       .....                  (no boots)
Stlth    ..........             (no amulet)
HPRegen  0.13/turn              j - +4 ring of evasion
MPRegen  0.09/turn              (no ring)

@: no status effects
A: antennae 1, yellow scales 1, demonic guardian 1
a: no special abilities


You escaped.
You were hungry.

You visited 1 branch of the dungeon, and saw 2 of its levels.

You collected 98 gold pieces.

Inventory:

Hand Weapons
 a - a +0 long sword (weapon)
Armour
 b - a +0 scale mail (worn)
 c - a +0 kite shield (worn)
Jewellery
 j - a +4 ring of evasion (left hand)
Scrolls
 e - 2 scrolls of blinking {unknown}
 g - 4 scrolls of identify {unknown}
 m - a scroll of teleportation {unknown}
Potions
 d - a potion of might
 h - a potion of berserk rage {unknown}
 i - a potion of lignification {unknown}
 k - a potion of haste {unknown}
Comestibles
 f - 3 rations


   Skills:
 + Level 3.4 Fighting
 + Level 3.2 Long Blades
 + Level 3.6 Armour
 + Level 0.7 Dodging
 + Level 0.1 Stealth
 + Level 3.2 Shields


You had 4 spell levels left.
You didn't know any spells.
Your spell library was empty.

Dungeon Overview and Level Annotations

Branches:
Dungeon (2/15)

Altars:


Innate Abilities, Weirdness & Mutations

You have a pair of small antennae on your head.
You are partially covered in yellow scales. (AC +2)
A weak demonic guardian rushes to your aid.


Message History

You feel sick. The adder bites you.
You slash the adder!
You kill the adder!
You feel sick.
You see here an adder corpse.
(D) Dungeon
Where to? (Enter - D:12, ? - help)
What level of the Dungeon? (default 1, ? - help)
You feel sick.
There is a stone staircase leading up here.
You feel sick.
You climb upwards.
There is a stone staircase leading down here.
You feel sick.
You feel sick.
You feel sick.
You are no longer poisoned.
There is a staircase leading out of the dungeon here.
Are you sure you want to leave the Dungeon?
This will make you lose the game!
You have escaped!

##########
≈≈≈≈≈≈≈≈≈≈≈≈≈≈≈≈#
#≈≈≈≈≈≈≈≈≈≈≈≈≈≈≈≈#
#≈≈≈≈≈≈≈≈≈≈.≈.≈≈≈#
#≈≈≈≈≈≈≈..≈≈≈....#
#≈≈≈≈≈≈≈≈.≈≈.....#
#≈≈≈≈≈≈.≈....8..##
#≈≈≈≈≈..........#
#≈≈≈.≈≈≈@.......##
#≈≈≈≈≈≈..........#
#≈≈≈≈≈...........#
#≈≈≈≈............##
#≈≈.≈...8....88...#
#≈≈≈..............###
#≈≈≈≈...............#
#≈≈≈≈...............#
#≈≈≈≈.###...........#


There were no monsters in sight!

Vanquished Creatures
  3 adders (D:2)
  A worm (D:2)
  5 dart slugs
  A leopard gecko (D:1)
  A ball python (D:2)
  A giant cockroach (D:1)
  3 goblins (D:2)
  3 hobgoblins
  4 jackals (D:2)
  4 kobolds
  5 bats
  A frilled lizard (D:2)
  A jackal skeleton (D:2)
  9 rats
42 creatures vanquished.

Vanquished Creatures (collateral kills)
  Jessica (D:2)
  A frilled lizard (D:2)
2 creatures vanquished.

Vanquished Creatures (others)
  A phantom (D:2)
1 creature vanquished.

Grand Total: 45 creatures vanquished

Notes
Turn   | Place    | Note
-------+----------+-------------------------------------------
     0 | D:1      | Peloso the Demonspawn Fighter began the quest for the Orb.
     0 | D:1      | Reached XP level 1. HP: 18/18 MP: 1/1
   179 | D:1      | Gained mutation: A weak demonic guardian rushes to your
                  | aid. [demonic ancestry]
   179 | D:1      | Reached XP level 2. HP: 21/24 MP: 2/2
   828 | D:2      | Gained mutation: You are partially covered in yellow
                  | scales. (AC +2) [demonic ancestry]
   828 | D:2      | Reached XP level 3. HP: 29/29 MP: 3/3
  1195 | D:2      | Noticed Jessica
  1202 | D:2      | Killed Jessica
  1290 | D:2      | Noticed a phantom
  1292 | D:2      | Reached XP level 4. HP: 28/35 MP: 4/4
  1338 | D:2      | Killed a phantom
  1605 | D:2      | Gained mutation: You have a pair of small antennae on your
                  | head. [demonic ancestry]
  1605 | D:2      | Reached XP level 5. HP: 34/41 MP: 5/5
  1680 | D:$      | Got out of the dungeon alive.

Illustrated notes

Levels and vault maps discovered:
D:1:      nicolae_arrival_washed_ashore, layout_rooms
D:2:      layout_basic, minmay_diced_spiral, uniq_jessica

Skill      XL: |  1  2  3  4 |
---------------+-------------+-----
Long Blades    | 2 3 |  3.2
Armour         | 3 |  3.6
Shields        | 3 |  3.2
Fighting       | |  3.4
Dodging        | |  0.7
Stealth        | |  0.1

Action                   |  1- 3 |  4- 6 || total
-------------------------+-------+-------++-------
Melee: Long sword        |   105 |    53 ||   158
  Eat: Chunk             |     1 |     1 ||     2
Armor: Scale mail        |    50 |    22 ||    72
Dodge: Dodged            |    40 |    42 ||    82
Block: Kite shield       |    43 |    37 ||    80
       Rpst.: Long sword |     9 |     7 ||    16
